 Dungeon Crawl Stone Soup version 0.14-a0-1773-ge500af7 (webtiles) character file.

121 HollowCharge the Grasshopper (level 3, -4/31 HPs)
             Began as a Draconian Warper on Jan 6, 2014.
             Slain by Prince Ribbit (7 damage)
             ... on Level 3 of the Dungeon.
             The game lasted 00:11:15 (2297 turns).

HollowCharge the Grasshopper (Draconian Warper)     Turns: 2297, Time: 00:11:15

HP  -4/31        AC  5     Str 13      XL: 3   Next: 64%
MP   2/6         EV 11     Int 13      God:
Gold 68          SH  6     Dex 11      Spells:  1 memorised,  4 levels left

rFire  . . .     SeeInvis .     a - +0 falchion (curse)
rCold  . . .     Clarity  .     (armour unavailable)
rNeg   . . .     Conserve .     j - +0 buckler
rPois  .         rCorr    .     (helmet restricted)
rElec  .         rRot     .     (no cloak)
SustAb . .       Spirit   .     (no gloves)
rMut   .         Warding  .     (no boots)
Saprov . . .     Stasis   .     (no amulet)
                                (no ring)
                                (no ring)

@: not resistant to hostile enchantments, unstealthy
A: unfitting armour, AC +5
a: no special abilities


You were on level 3 of the Dungeon.
You were starving.

You visited 1 branch of the dungeon, and saw 4 of its levels.

You collected 68 gold pieces.

Inventory:

Hand weapons
 a - a cursed +0,+0 falchion (weapon)
 i - a +2,+0 falchion of slicing
Missiles
 e - 15 darts (quivered)
 f - 10 darts of dispersal
Armour
 j - a +0 buckler (worn)
Comestibles
 b - a pear
 g - 2 bread rations
Scrolls
 h - 2 scrolls of identify
Books
 c - a book of Spatial Translocations

   Spells                             Type                      Level
   Apportation                        Translocation                1
   Portal Projectile                  Translocation                2
   *Blink                             Translocation                2
   Shroud of Golubria                 Charms/Translocation         2
   Teleport Other                     Translocation                3
   Passage of Golubria                Translocation                4


   Skills:
 * Level 3.0 Fighting
 * Level 2.6 Long Blades
 - Level 0.8 Throwing
 + Level 2.3 Dodging
 + Level 0.4 Shields
 - Level 2.3 Spellcasting
 + Level 3.1 Translocations


You had 4 spell levels left.
You knew the following spells:

 Your Spells              Type           Power        Failure   Level  Hunger
b - Blink                 Tloc           N/A          14%         2    ###....


Dungeon Overview and Level Annotations

Branches:
Dungeon (4/16)
 Temple: D:4-7

Altars:
Nemelex Xobeh

Annotations:
D:3 Prince Ribbit; Terence
D:4 Mitsuki's ghost, average FoFi


Message History

Prince Ribbit blinks!
Casting: Blink
Confirm with . or Enter, or press ? or * to list all spells.
You don't have enough magic to cast that spell.
Prince Ribbit croaks regally.
Prince Ribbit blinks!
Prince Ribbit blinks!
You block Prince Ribbit's attack. Prince Ribbit misses you.
Casting: Blink
Confirm with . or Enter, or press ? or * to list all spells.
You blink.
You are starving!
Prince Ribbit lets out a mournful croak.
Casting: Blink
Confirm with . or Enter, or press ? or * to list all spells.
You don't have enough magic to cast that spell.
Prince Ribbit blinks!
Prince Ribbit hits you!
You die...

..###..'........#
### ####....@...#
#######'## #....#
###(#######
####..(......#
#####.....>......#
##.p...##.........#
...######.....pF@.#
#### #....(....#
#######.### #..#
#.## ##.# ##..#
#..## ##'###


You could see Prince Ribbit and a phantom.

Vanquished Creatures
  An adder (D:2)
  2 giant geckos (D:2)
  An ooze (D:2)
  An orc (D:3)
  A ball python (D:1)
  5 hobgoblins (D:1)
  9 kobolds
  2 quokkas (D:2)
  2 bats
  A giant cockroach (D:4)
  4 giant newts
  6 goblins
  5 rats
40 creatures vanquished.

Notes
Turn   | Place    | Note
--------------------------------------------------------------
     0 | D:1      | HollowCharge, the Draconian Warper, began the quest for the Orb.
     0 | D:1      | Reached XP level 1. HP: 17/17 MP: 3/3
   339 | D:1      | Reached XP level 2. HP: 23/25 MP: 4/4
   345 | D:1      | Learned a level 2 spell: Blink
   757 | D:1      | Found a sparkling altar of Nemelex Xobeh.
  1080 | D:2      | Reached XP level 3. HP: 21/30 MP: 6/6
  1092 | D:2      | Paralysed by a potion of paralysis for 5 turns
  1918 | D:2      | You fall through a shaft!
  1918 | D:4      | Noticed Mitsuki's ghost (average FoFi)
  2063 | D:3      | Noticed Terence
  2256 | D:4      | HP: 1/31 [hobgoblin/club (3)]
  2257 | D:4      | Noticed Prince Ribbit
  2271 | D:3      | Noticed a phantom
  2271 | D:3      | HP: 1/31 [goblin/club (1)]
  2297 | D:3      | Slain by Prince Ribbit

Action                   || total
-------------------------++-------
Melee: Falchion          ||   121
 Cast: Blink             ||     6
  Use: Scroll            ||     9
       Potion            ||     1
